 Dungeon Crawl Stone Soup version 0.18.1-48-g4cf74bf (webtiles) character file.

990 kobby the Slasher (level 7, -1/53 HPs)
             Began as a Vampire Fighter on July 4, 2016.
             Slain by a sky beast (3 damage)
             ... on level 9 of the Dungeon.
             The game lasted 00:23:22 (6497 turns).

kobby the Slasher (Vampire Fighter)                 Turns: 6497, Time: 00:23:23

Health: -1/53      AC: 14    Str: 11    XL:     7   Next: 98%
Magic:  6/6        EV:  1    Int: 10    God:
Gold:   303        SH:  9    Dex: 16    Spells: 0 memorised, 6 levels left

rFire  + . .     SeeInvis +     a - +0 long sword
rCold  . . .     Gourm    .     q - +0 plate armour
rNeg   + . .     Faith    .     c - +0 shield
rPois  .         Spirit   .     (no helmet)
rElec  .         Dismiss  +     (no cloak)
rCorr  .         Reflect  .     (no gloves)
SustAt +         Harm     .     o - +1 pair of boots
MR     .....                    v - amulet of dismissal
Stlth  ..........               d - ring of sustain attributes
                                i - ring of protection from fire

@: not resistant to hostile enchantments, extremely unstealthy
A: fangs 3, see invisible, low mp 1, weak 2, unbreathing
a: Bat Form


You were on level 9 of the Dungeon.
You were not thirsty.

You visited 2 branches of the dungeon, and saw 10 of its levels.

You collected 303 gold pieces.

Inventory:

Hand Weapons
 a - a +0 long sword (weapon)
Missiles
 r - 21 poisoned needles
Armour
 c - a +0 shield (worn)
 o - a +1 pair of boots (worn)
 q - a +0 plate armour (worn)
Jewellery
 d - a ring of sustain attributes (right hand)
 i - a ring of protection from fire (left hand)
 t - an uncursed ring of fire
 v - an amulet of dismissal (around neck)
Wands
 g - a wand of lightning (0/15)
Scrolls
 e - 4 scrolls of remove curse
 f - 2 scrolls of fog
 h - 8 scrolls of teleportation
 j - 3 scrolls of identify
 k - a scroll of magic mapping
 m - a scroll of amnesia
 n - 2 scrolls of noise
 w - a scroll of enchant weapon {unknown}
Potions
 l - a potion of flight
Books
 p - a book of Conjurations

   Spells                             Type                      Level
   a - Magic Dart                     Conjuration                  1
   b - Searing Ray                    Conjuration                  2
   c - Dazzling Spray                 Conjuration/Hexes            3
   d - Fulminant Prism                Conjuration/Hexes            4
   e - Iskenderun's Mystic Blast      Conjuration                  4
   f - Iskenderun's Battlesphere      Conjuration/Charms           5
 u - a Necronomicon

   Spells                             Type                      Level
   a - Haunt                          Necromancy/Summoning         7
   b - Borgnjor's Revivification      Necromancy                   8
   c - Death's Door                   Charms/Necromancy            8
   d - Necromutation                  Transmutation/Necromancy     8


   Skills:
 + Level 3.6 Fighting
 * Level 5.3 Long Blades
 + Level 4.2 Armour
 + Level 3.1 Dodging
 + Level 0.9 Stealth
 + Level 4.4 Shields
 * Level 2.6 Unarmed Combat


You had 6 spell levels left.
You didn't know any spells.

Dungeon Overview and Level Annotations

Branches:
Dungeon (9/15)             Temple (1/1) D:6
   Lair: D:8-11         Orc: D:9-12

Altars:
Cheibriados
Dithmenos
Elyvilon
Fedhas
Gozag
Kikubaaqudgha
Makhleb
Nemelex Xobeh
Pakellas
Qazlal
Ru
Sif Muna
Trog
Vehumet
Xom
Zin
The Shining One

Shops:
D:6 *

Annotations:
D:6 kirsanium's ghost, novice FoFi
D:8 junkhipster's ghost, novice HOFi


Innate Abilities, Weirdness & Mutations

You have razor-sharp teeth.
You have supernaturally acute eyesight.
You can survive without breathing.
Your magical capacity is low (-10% MP).
You are very weak. (Str -4)


Message History

The sky beast hits you but does no damage.
You block the sky beast's attack.
You hit the sky beast. You bite the sky beast.
The sky beast is heavily wounded.
The sky beast hits you but does no damage.
Your plate armour prevents you from hitting the sky beast.
The sky beast is heavily wounded.
The sky beast hits you. The sky beast shocks you.
* * * LOW HITPOINT WARNING * * *
You closely miss the sky beast.
The sky beast is heavily wounded.
The sky beast hits you.
* * * LOW HITPOINT WARNING * * *
The sky beast shocks you.
* * * LOW HITPOINT WARNING * * *
Your shield and plate armour prevent you from hitting the sky beast.
You bite the sky beast, but do no damage.
The sky beast is heavily wounded.
The sky beast hits you.
You die...

### #.. #.#
#.# #.# #@#
#Y# #.#
#.####
#.$..#
####.# #.##
#..## ####.
##..##.....


You could see a sky beast.

Vanquished Creatures
  2 phantoms
  Blork the orc (D:5)
  A giant frog (D:6)
  2 scorpions
  A howler monkey (D:4)
  A giant frog zombie (D:5)
  A hound (D:4)
  2 centaur skeletons
  2 iguanas
  5 worker ants
  Terence (D:2)
  An orc wizard (D:5)
  4 gnolls
  4 adders
  An ooze (D:4)
  An adder skeleton (D:4)
  3 worms
  3 giant geckos
  12 orcs
  2 ball pythons
  4 giant cockroaches
  7 goblins
  3 hobgoblins
  16 jackals
  6 quokkas
  A ball python skeleton (D:5)
  6 bats
  A giant gecko skeleton (D:4)
  4 giant newts
  A goblin skeleton (D:6)
  5 kobolds
  A kobold skeleton (D:6)
  3 kobold zombies (D:6)
  An orc skeleton (D:6)
  An orc zombie (D:6)
  8 rats
118 creatures vanquished.

Notes
Turn   | Place    | Note
--------------------------------------------------------------
     0 | D:1      | kobby the Vampire Fighter began the quest for the Orb.
     0 | D:1      | Reached XP level 1. HP: 17/17 MP: 1/1
   112 | D:1      | Reached XP level 2. HP: 12/23 MP: 2/2
   834 | D:2      | Found a white marble altar of Elyvilon.
   880 | D:2      | Reached skill level 1 in Dodging
   880 | D:2      | Reached XP level 3. HP: 20/28 MP: 3/3
  1233 | D:2      | Found an oddly glowing altar of Pakellas.
  1694 | D:2      | Noticed Terence
  2176 | D:3      | Reached XP level 4. HP: 10/35 MP: 4/4
  2527 | D:3      | Gained mutation: Your magical capacity is low (-10% MP). [potion of mutation]
  2527 | D:3      | Gained mutation: You are weak. (Str -2) [potion of mutation]
  2527 | D:3      | Gained mutation: You are very weak. (Str -4) [potion of mutation]
  2844 | D:3      | Found a sparkling altar of Nemelex Xobeh.
  3230 | D:2      | Killed Terence
  3230 | D:2      | Reached XP level 5. HP: 30/41 MP: 4/4
  3640 | D:4      | Reached skill level 3 in Long Blades
  3750 | D:5      | Entered Level 5 of the Dungeon
  4074 | D:4      | Reached XP level 6. HP: 33/47 MP: 5/5
  4472 | D:4      | Reached skill level 4 in Long Blades
  4898 | D:5      | Reached XP level 7. HP: 40/52 MP: 6/6
  4935 | D:5      | Reached skill level 1 in Unarmed Combat
  5036 | D:5      | Found a blossoming altar of Fedhas.
  5061 | D:5      | Noticed Blork the orc
  5077 | D:5      | Killed Blork the orc
  5580 | D:6      | Noticed kirsanium's ghost (novice FoFi)
  5593 | D:6      | Reached skill level 5 in Long Blades
  5823 | D:6      | Found Zin's Purification Station.
  5835 | D:6      | Found a glowing silver altar of Zin.
  6042 | D:6      | Found a staircase to the Ecumenical Temple.
  6051 | Temple   | Entered the Ecumenical Temple
  6389 | D:7      | HP: 2/53 [killer bee (2)]
  6446 | D:8      | Noticed junkhipster's ghost (novice HOFi)
  6496 | D:9      | HP: 2/53 [sky beast (6)]
  6497 | D:9      | Slain by a sky beast

Skill      XL: |  1  2  3  4  5  6  7 |
---------------+----------------------+-----
Shields        | 3 4 |  4.4
Dodging        | 1 2 3 |  3.1
Fighting       | 3 |  3.6
Armour         | 3 4 |  4.2
Long Blades    | 3 4 5 |  5.3
Unarmed Combat | 2 |  2.6
Stealth        | |  0.9

Action                   |  1- 3 |  4- 6 |  7- 9 || total
-------------------------+-------+-------+-------++-------
Melee: Long sword        |   173 |   241 |   173 ||   587
       Bite              |    18 |    26 |    17 ||    61
Evoke: Wand              |       |     5 |    10 ||    15
  Use: Scroll            |       |    14 |     3 ||    17
       Potion            |       |     9 |     1 ||    10
  Eat: Corpse            |     4 |    21 |     5 ||    30
Armor: Scale mail        |   101 |    25 |       ||   126
       Chain mail        |       |   102 |       ||   102
       Plate armour      |       |     6 |    91 ||    97
Dodge: Dodged            |    65 |    45 |    13 ||   123
Block: Shield            |    89 |   130 |    74 ||   293
